 Dungeon Crawl Stone Soup version 0.30-a0-760-g5a9884bb7c (webtiles) character file.

Game seed: 2325940288574789807

3441 tilp the Carver (level 10, -1/88 HPs)
             Began as a Meteoran Fighter on Feb 11, 2023.
             Killed from afar by a steam dragon (24 damage)
             ... with a ball of steam
             ... on level 9 of the Dungeon.
             The game lasted 00:19:09 (4742 turns).

tilp the Carver (Meteoran Fighter)                  Turns: 4742, Time: 00:19:10

Health: -1/88      AC: 20    Str: 18    XL:     10   Next: 50%
Magic:  11/11      EV:  7    Int: 10    God:
Gold:   467        SH: 10    Dex: 18    Spells: 9/9 levels left

rFire   . . .      SeeInvis .    a - +1 scimitar (elec)
rCold   . . .      Faith    .    d - +0 kite shield
rNeg    + . .      Spirit   .    E - +2 plate armour {rN+}
rPois   .          Reflect  .    u - +0 helmet
rElec   .          Harm     .    t - +1 cloak
rCorr   +          Rampage  .    (no gloves)
Will    ++...                    o - +1 pair of boots Stlth
                                 r - amulet of the acrobat
HPRegen 0.34/turn                j - ring of resist corrosion
MPRegen 0.12/turn                y - ring of willpower

@: lethally poisoned (-1 -> -5), slowed, glowing, very slow
A: sense surroundings 2, otherworldly, glowing, explore regen
a: no special abilities


You were on level 9 of the Dungeon.
You visited 2 branches of the dungeon, and saw 10 of its levels.

You collected 467 gold pieces.

Inventory:

Hand Weapons
 a - a +1 scimitar of electrocution (weapon)
 b - a +2 falchion of flaming
 v - a +1 long sword
Missiles
 g - 3 throwing nets
 k - 13 boomerangs
 s - 6 poisoned darts (quivered)
Armour
 d - a +0 kite shield (worn)
 i - a +0 chain mail
 o - a +1 pair of boots (worn)
 t - a +1 cloak (worn)
 u - a +0 helmet (worn)
 E - a +2 plate armour of positive energy (worn)
Jewellery
 j - a ring of resist corrosion (left hand)
 r - an amulet of the acrobat (around neck)
 y - a ring of willpower (right hand)
Wands
 q - a wand of polymorph (8)
Scrolls
 e - a scroll of torment
 l - 3 scrolls of teleportation
 w - a scroll of immolation
 x - a scroll of magic mapping
 z - a scroll of brand weapon
 A - 2 scrolls of identify
 C - a scroll of vulnerability {unknown}
 F - a scroll of enchant weapon
Potions
 c - 6 potions of curing
 f - 3 potions of attraction
 h - 2 potions of magic
 m - 4 potions of haste
 n - 2 potions of heal wounds
 p - a potion of resistance
 B - 2 potions of flight
 D - a potion of might


   Skills:
 * Level 7.7 Fighting
 * Level 9.6 Long Blades
 - Level 2.0 Throwing
 - Level 6.0 Armour
 + Level 6.4 Dodging
 + Level 3.9 Stealth
 - Level 6.0 Shields
 - Level 2.0 Evocations


You had 9 spell levels left.
You didn't know any spells.
Your spell library was empty.

Dungeon Overview and Level Annotations

Branches:
Dungeon (9/15) Zot: 562    Temple (1/1) D:7 Zot: 529
   Lair: D:8-11         Orc: D:9-12

Altars:
Ashenzari
Cheibriados
Dithmenos
Elyvilon
Fedhas
Gozag
Hepliaklqana
Kikubaaqudgha
Makhleb
Nemelex Xobeh
Qazlal
Ru
Sif Muna
Trog
Uskayaw
Vehumet
Wu Jian
Xom
Yredelemnul
Zin
The Shining One

Shops:
D:6 (

Annotations:
D:5 2 transporters


Innate Abilities, Weirdness & Mutations

You passively map the area around you.
You are easily found by Zot.
You glow in the dark.
You regain HP and MP as you explore.


Message History

The killer bee poisons you! The wraith barely misses you.
You block the killer bee's attack. The wraith hits you.
* * * LOW HITPOINT WARNING * * *
The wraith drains your vigour!
You feel as though you will be slow longer.
You slash the wraith!
The wraith is almost destroyed.
You feel very sick.
The killer bee stings you but does no damage. x2
The wraith barely misses you.
The killer bee stings you but does no damage.
You feel better. You block the killer bee's attack. x2
The steam dragon bites you but does no damage.
The steam dragon claws you but does no damage.
The wraith hits you but does no damage.
The killer bee stings you but does no damage.
The steam dragon bites you but does no damage.
The steam dragon claws you but does no damage.
The wraith hits you but does no damage.
Unknown command.
You barely miss the wraith.
The wraith is almost destroyed.
The killer bee stings you but does no damage.
You block the killer bee's attack. You block the steam dragon's attack.
The steam dragon claws you.
* * * LOW HITPOINT WARNING * * *
The wraith hits you.
* * * LOW HITPOINT WARNING * * *
The killer bee stings you.
* * * LOW HITPOINT WARNING * * *
You are poisoned.
The killer bee poisons you!
Unknown command.
You closely miss the wraith.
The wraith is almost destroyed.
You feel sick. You block the killer bee's attack.
The killer bee stings you but does no damage.
The steam dragon breathes steam at you. The ball of steam hits you!!
You die...

.......§# #..#
####....#######..#
#.............#
#........†....#
#.............#
#.............#
#.#####.......####
, . *
,,#.....D....# * ,
#.....y@...# , *,
,,,#.....W....# ,
* #..........#
,,............# ##
* .............#
..
,,.............#
.. ,
..../...###### ).
,, *######. # ,* ,


You could see a wraith, a steam dragon (catching breath) and a killer bee.

Vanquished Creatures
  A kobold demonologist (D:9)
  A wyvern (D:8)
  Eustachio (D:5)
  A steam dragon (D:9)
  A water moccasin (D:6)
  An orc warrior (D:8)
  A black bear (D:5)
  3 bullfrogs
  2 necrophages
  2 scorpions (D:5)
  3 gnoll sergeants
  8 wights
  9 killer bees
  2 howler monkeys (D:9)
  A hound (D:6)
  3 orc priests
  A gnoll bouda (D:3)
  4 jellies
  3 iguanas
  3 orc wizards
  8 adders
  32 gnolls
  A shadow imp (D:6)
  2 white imps
  An ufetubus (D:6)
  A worm (D:2)
  2 dart slugs
  33 orcs
  6 ball pythons
  4 endoplasms
  2 giant cockroaches
  4 goblins
  5 hobgoblins
  6 jackals
  3 kobolds
  A quokka (D:1)
  3 bats
  2 frilled lizards
  4 rats
171 creatures vanquished.

Notes
Turn   | Place    | Note
-------+----------+-------------------------------------------
     0 | D:1      | tilp the Meteoran Fighter began the quest for the Orb.
     0 | D:1      | Reached XP level 1. HP: 19/19 MP: 2/2
   114 | D:2      | Reached XP level 2. HP: 26/26 MP: 3/3
   164 | D:2      | Found a glowing silver altar of Zin.
   200 | D:2      | Reached skill level 1 in Dodging
   252 | D:1      | Reached XP level 3. HP: 18/31 MP: 4/4
   388 | D:2      | Reached skill level 1 in Stealth
   501 | D:3      | Reached XP level 4. HP: 38/38 MP: 5/5
   581 | D:3      | Reached skill level 3 in Long Blades
   581 | D:3      | Reached XP level 5. HP: 18/46 MP: 6/6
   907 | D:3      | Reached XP level 6. HP: 22/52 MP: 7/7
   918 | D:3      | HP: 1/52 [gnoll/+0 halberd (5)]
  1049 | D:3      | Reached skill level 4 in Long Blades
  1136 | D:3      | Reached XP level 7. HP: 39/59 MP: 8/8
  1169 | D:3      | Reached skill level 5 in Long Blades
  1543 | D:4      | Reached skill level 6 in Long Blades
  1575 | D:5      | Entered Level 5 of the Dungeon
  2109 | D:5      | Found a transporter.
  2124 | D:5      | Reached skill level 1 in Throwing
  2124 | D:5      | Reached XP level 8. HP: 38/66 MP: 9/9
  2189 | D:5      | Noticed Eustachio
  2491 | D:5      | Found a transporter.
  2598 | D:5      | Found an ornate altar of the Wu Jian Council.
  2598 | D:5      | Found an opulent altar of Gozag.
  2855 | D:5      | Killed Eustachio
  2856 | D:5      | Reached skill level 5 in Fighting
  2856 | D:5      | Reached skill level 7 in Long Blades
  3083 | D:6      | Found Quuh's Weapon Emporium.
  3507 | D:6      | Gained mutation: You passively map the area around you.
                  | [Meteoran growth]
  3507 | D:6      | Reached XP level 9. HP: 74/74 MP: 10/10
  3537 | D:6      | Reached skill level 1 in Evocations
  3541 | D:6      | Reached skill level 5 in Dodging
  3541 | D:6      | Reached skill level 5 in Shields
  3558 | D:6      | Reached skill level 5 in Armour
  3730 | D:7      | Found Gedut's General Store.
  3766 | D:7      | Found a staircase to the Ecumenical Temple.
  3774 | D:7      | Reached skill level 8 in Long Blades
  3783 | Temple   | Entered the Ecumenical Temple
  4234 | D:8      | Reached XP level 10. HP: 73/84 MP: 11/11
  4260 | D:9      | Noticed a kobold demonologist
  4272 | D:9      | Killed a kobold demonologist
  4341 | D:8      | Found a shimmering blue altar of Sif Muna.
  4344 | D:8      | Found a radiant altar of Vehumet.
  4345 | D:8      | Found a bloodstained altar of Trog.
  4345 | D:8      | Found an ancient bone altar of Kikubaaqudgha.
  4346 | D:8      | Found a broken altar of Ashenzari.
  4350 | D:8      | Found a basalt altar of Yredelemnul.
  4485 | D:8      | Reached skill level 9 in Long Blades
  4742 | D:9      | Killed from afar by a steam dragon

Illustrated notes

Levels and vault maps discovered:
D:1:      scummos_arrival_forest, layout_basic, minmay_misc_feat_secret_circle
D:2:      layout_basic, basic_altar
D:3:      lemuel_castle_with_subvaults [lemuel_castle_interior_carwin_3],
          layout_basic, hangedman_abyss_or_decor_stabs
D:4:      layout_rooms
D:5:      gammafunk_wand_slinger, layout_layer_cave,
          mainiacjoe_overflow_large_starburst, grunt_ministairs_1,
          uniq_eustachio
D:6:      layout_basic, serial_shops, shop
D:7:      layout_basic, minmay_temple_entry_proselytizer, serial_shops,
          nicolae_diamond_shop
D:8:      layout_cave_pools, minitemple
D:9:      layout_irregular_city, the_hattery
Temple:   dshaligram_water_room_temple

Skill      XL: |  1  2  3  4  5  6  7  8  9 10 |
---------------+-------------------------------+-----
Dodging        | 1 2 3 4 5 6 |  6.4
Stealth        | 1 2 3 |  3.9
Shields        | 4 5 6 |  6.0
Long Blades    | 3 4 6 7 8 9 |  9.6
Armour         | 4 5 6 |  6.0
Fighting       | 4 5 6 7 |  7.7
Throwing       | 1 2 |  2.0
Evocations     | 2 |  2.0

Action                     |  1- 3 |  4- 6 |  7- 9 | 10-12 || total
---------------------------+-------+-------+-------+-------++-------
  Melee: Long sword        |    85 |   124 |   179 |       ||   388
         Falchion          |       |       |   101 |       ||   101
         Scimitar          |       |       |   131 |    75 ||   206
  Throw: Dart              |       |       |     2 |       ||     2
    Use: Scroll            |     8 |     3 |    10 |     1 ||    22
         Potion            |       |     2 |     3 |     1 ||     6
 Armour: Scale mail        |     3 |       |       |       ||     3
         Chain mail        |    90 |    80 |   292 |    25 ||   487
         Plate armour      |       |       |       |    27 ||    27
  Dodge: Dodged            |    39 |    32 |   175 |    22 ||   268
  Block: Buckler           |    28 |    29 |       |       ||    57
         Kite shield       |       |    15 |   280 |    56 ||   351

Table legend: (Time is in decaauts)
 A = Elapsed time spent in this place.
 B = Non-inter-level travel time spent in this place.
 C = Inter-level travel time spent in this place.
 D = Time resting spent in this place.
 E = Time spent auto-exploring this place.
 F = Levels seen in this place.
 G = Mean time per level.
                   A        B        C        D        E       F      G
               +--------+--------+--------+--------+--------+-----+--------+
         Total |   4906 |   4366 |    540 |    123 |      0 |  10 |  490.6 |
       Dungeon |   4835 |   4295 |    540 |    123 |      0 |   9 |  537.2 |
        Temple |     70 |     70 |      0 |      0 |      0 |   1 |   70.0 |
               +--------+--------+--------+--------+--------+-----+--------+

Top non-repeatable levels by time:
     D:3: 1083 daAuts
     D:5: 767 daAuts
     D:6: 704 daAuts
     D:4: 680 daAuts
     D:7: 487 daAuts
     D:8: 431 daAuts
     D:1: 272 daAuts
     D:9: 211 daAuts
     D:2: 197 daAuts
  Temple: 70 daAuts
